 Dungeon Crawl Stone Soup version 0.27.0-1-g7a089689b8 (webtiles) character file.

Game seed: 10945525302145819035

4 Lochraine the Shield-Bearer (level 1, -1/11 HPs)
             Began as a Vine Stalker Fighter on Aug 11, 2021.
             Slain by a gnoll (3 damage)
             ... on level 1 of the Dungeon.
             The game lasted 00:00:32 (71 turns).

Lochraine the Shield-Bearer (Vine Stalker Fighter)    Turns: 71, Time: 00:00:33

Health: -1/11      AC:  6    Str: 18    XL:     1   Next: 70%
Magic:  0/2        EV:  7    Int:  8    God:
Gold:   13         SH:  9    Dex: 13    Spells: 0/0 levels left

rFire    . . .     SeeInvis .   a - +0 rapier
rCold    . . .     Faith    .   c - +0 kite shield
rNeg     . . .     Spirit   +   b - +0 scale mail
rPois    .         Reflect  .   (no helmet)
rElec    .         Harm     .   (no cloak)
rCorr    .         Rampage  .   (no gloves)
Will     .....                  (no boots)
Stlth    ..........             (no amulet)
HPRegen  0.03/turn              (no ring)
MPRegen  0.08/turn              (no ring)

@: no status effects
A: fangs 2, magic shield, antimagic bite, no potion heal 2
a: no special abilities


You were on level 1 of the Dungeon.
You visited 1 branch of the dungeon, and saw 1 of its levels.

You collected 13 gold pieces.

Inventory:

Hand Weapons
 a - a +0 rapier (weapon)
Armour
 b - a +0 scale mail (worn)
 c - a +0 kite shield (worn)
Scrolls
 e - a scroll of blinking {unknown}
 f - a scroll of acquirement {unknown}
Potions
 d - a potion of might


   Skills:
 + Level 2.8 Fighting
 + Level 1.9 Short Blades
 - Level 2.4 Armour
 + Level 2.8 Shields


You couldn't memorise any spells.
You didn't know any spells.
Your spell library was empty.

Dungeon Overview and Level Annotations

Branches:
Dungeon (1/15)

Altars:


Innate Abilities, Weirdness & Mutations

You have extremely sharp teeth.
When hurt, damage is shared between your health and your magic reserves.
Your bite disrupts and absorbs the magic of your enemies.
Potions cannot restore your health.


Message History

The kobold shouts!
You hear a shout!
A gnoll comes into view. It is wielding a +0 spear.
A rat comes into view.
A quokka comes into view.
The frilled lizard hisses.
The frilled lizard barely misses you.
You hit the frilled lizard but do no damage.
Your bite misses the frilled lizard. You block the frilled lizard's attack.
A rat comes into view.
The kobold closely misses you.
You barely miss the frilled lizard.
The frilled lizard bites you but does no damage.
You block the kobold's attack.
The frilled lizard bites you but does no damage.
You hit the frilled lizard.
You kill the frilled lizard!
The kobold closely misses you. The quokka bites you.
You puncture the quokka!
You kill the quokka!
You block the gnoll's attack.
The kobold hits you with a +0 short sword. x2
The gnoll hits you from afar with a +0 spear.
The rat barely misses you.
The gnoll hits you from afar with a +0 spear.
* * * LOW HITPOINT WARNING * * *
You block the kobold's attack.
Unknown command.
You see here a scroll labelled NITO VEOR QAGUD.
You hit the kobold but do no damage. You bite the kobold. You drain its power.
You feel invigorated. The kobold completely misses you.
You hit the kobold.
You kill the kobold!
You block the rat's attack.
You hit the rat. You block the rat's attack.
The gnoll hits you from afar with a +0 spear.
* * * LOW HITPOINT WARNING * * *
Your shield and scale mail prevent you from hitting the rat.
You bite the rat.
You kill the rat!
The rat twitches its whiskers.
The rat bites you but does no damage. You block the rat's attack.
You closely miss the rat. Your bite misses the rat. You block the rat's attack.
The rat closely misses you.
You see here a scroll labelled NITO VEOR QAGUD.
You hit the rat.
You kill the rat!
You see here a rat corpse.
You see here a scroll labelled NITO VEOR QAGUD.
The gnoll hits you from afar with a +0 spear.
You die...

# .... #. .#
# #. #..#†###
.#.. #..
#......#...
...#.###..#.#
.....#..=.#
#..#).###
..#†.g†.#
####.#.###.#
........g.@.#
..##........#
...........#
#..#........#
#. #........#
#
#........###
#..........#
.#..........#
............#


You could see a gnoll.

Vanquished Creatures
  A quokka (D:1)
  A bat (D:1)
  A frilled lizard (D:1)
  A kobold (D:1)
  2 rats (D:1)
6 creatures vanquished.

Notes
Turn   | Place    | Note
-------+----------+-------------------------------------------
     0 | D:1      | Lochraine the Vine Stalker Fighter began the quest for the
                  | Orb.
     0 | D:1      | Reached XP level 1. HP: 11/11 MP: 2/2
    71 | D:1      | Slain by a gnoll

Illustrated notes

Levels and vault maps discovered:
D:1:      saegor_arrival_simple_a, layout_basic, serial_shops,
          nicolae_square_shop, minmay_fountain_box, hangedman_decor_points,
          corexii_corridor_pit, minmay_close_crescents

Action                   || total
-------------------------++-------
Melee: Rapier            ||    12
       Bite              ||     2
Armor: Scale mail        ||     5
Dodge: Dodged            ||     7
Block: Kite shield       ||    10
